 Dungeon Crawl Stone Soup version 0.32-a0-872-g59262bdc9b (webtiles) character file.

Game seed: 15386172800411063873

11072 Autsider the Grappler (level 11, -1/109 HPs)
             Began as a Troll Fighter on Mar 30, 2024.
             Was a Priest of Wu Jian.
             Slain by Snorg (22 damage)
             ... on level 11 of the Dungeon.
             The game lasted 00:22:31 (7868 turns).

Autsider the Grappler (Troll Fighter)               Turns: 7868, Time: 00:22:32

Health: -1/109     AC:  5    Str: 26    XL:     11   Next: 44%
Magic:  10/10      EV: 10    Int:  4    God:    Wu Jian [***...]
Gold:   600        SH: 11    Dex: 13    Spells: 10/10 levels left

rFire   . .          .
                       - Unarmed
rCold   . . .        b - +1 kite shield
rNeg    . . .        v - +0 troll leather armour
rPois   .            (helmet restricted)
rElec   .            (no cloak)
rCorr   .            (gloves unavailable)
SInv    .            (boots unavailable)
Will    .....        m - amulet of regeneration
Stlth   +            (no ring)
HPRegen 2.78/turn    (no ring)
MPRegen 0.12/turn

%: no passive effects
@: exhausted
A: large, unfitting armour, claws 3, regeneration 1, shaggy fur 1, tough skin 1
a: Renounce Religion, Wall Jump, Serpent's Lash


You were on level 11 of the Dungeon.
You worshipped Wu Jian.
Wu Jian was most pleased with you.
You visited 2 branches of the dungeon, and saw 12 of its levels.

You collected 600 gold pieces.

Inventory:

Missiles
 g - a throwing net (quivered)
 s - 3 datura-tipped darts
 z - 5 curare-tipped darts
Armour
 a - a +0 robe
 b - a +1 kite shield (worn)
 v - a +0 troll leather armour (worn)
 x - a +2 robe of positive energy
Jewellery
 m - an amulet of regeneration (around neck)
Wands
 e - a wand of charming (12)
 p - a wand of mindburst (28)
 t - a wand of polymorph (8)
 u - a wand of roots (5)
 y - a wand of digging (5)
Scrolls
 c - a scroll of immolation
 d - 2 scrolls of vulnerability
 h - a scroll of fog
 j - 3 scrolls of fear
 k - 2 scrolls of enchant weapon
 n - 2 scrolls of revelation
 q - 2 scrolls of identify
 r - a scroll of teleportation
Potions
 f - a potion of heal wounds
 i - 2 potions of enlightenment
 l - 4 potions of curing
 o - a potion of brilliance
 w - 2 potions of mutation
 A - a potion of attraction {unknown}


   Skills:
 + Level 7.3 Fighting
 + Level 7.3 Dodging
 + Level 8.0 Shields
 * Level 11.7 Unarmed Combat


You had 10 spell levels left.
You didn't know any spells.
Your spell library contained the following spells:

 Spells                   Type           Power      Damage    Failure   Level
 Necrotise                Necr           0%         1d4       75%         1
 Summon Small Mammal      Summ           0%         N/A       75%         1
 Scorch                   Fire           0%         2d5       87%         2
 Call Canine Familiar     Summ           0%         N/A       98%         3
 Hailstorm                Conj/Ice       0%         3d5       98%         3
 Summon Ice Beast         Ice/Summ       0%         N/A       98%         3
 Tukima's Dance           Hex            0%         N/A       98%         3
 Vampiric Draining        Necr           0%         2d6       98%         3
 Dimensional Bullseye     Hex/Tloc       0%         N/A       100%        4
 Flame Wave               Conj/Fire      0%         2d4       100%        4
 Iskenderun's Mystic Bla Conj/Tloc 0%             2d3        (+2d1     100%        4
 Martyr's Knell           Necr/Summ      0%         N/A       100%        4
 Summon Blazeheart Golem  Fire/Summ      0%         N/A       100%        4
 Curse of Agony           Necr           0%         N/A       100%        5
 Permafrost Eruption      Ice/Erth       0%         2x4d1     100%        6
 Sculpt Simulacrum        Ice/Alch       0%         N/A       100%        6
 Summon Cactus Giant      Summ           0%         N/A       100%        6


Dungeon Overview and Level Annotations

Branches:
Dungeon (11/15)            Temple (1/1) D:4            Lair (0/5) D:10
    Orc: D:9-12

Altars:
Ashenzari
Cheibriados
Dithmenos
Elyvilon
Fedhas
Gozag
Hepliaklqana
Kikubaaqudgha
Makhleb
Nemelex Xobeh
Okawaru
Qazlal
Ru
Sif Muna
Trog
Uskayaw
Vehumet
Wu Jian
Xom
Yredelemnul
Zin
The Shining One
Lugonu

Shops:
D:10 [

Annotations:
D:3 Jessica
D:10 2 transporters, Domino's ghost, novice MDFi
D:11 Snorg


Innate Abilities, Weirdness & Mutations

You are too large for most types of armour.
You have claws for hands.
Your natural rate of healing is unusually fast.
You are covered in fur. (AC +1)
You have tough skin. (AC +1)


Message History

You closely miss Snorg.
Snorg is severely wounded.
Snorg bites you! Snorg claws you but does no damage. Snorg claws you!
* * * LOW HITPOINT WARNING * * *
You claw Snorg!
Snorg is severely wounded.
You block Snorg's attack. Snorg claws you!!
* * * LOW HITPOINT WARNING * * *
Snorg claws you!
* * * LOW HITPOINT WARNING * * *
Okay, then.
Aiming: Polymorph
Press: ? - help, Shift-Dir - straight line, f - Snorg
Aim: Snorg (severely wounded, berserk, will become a tengu, an entropy weaver, or a komodo dragon, chance to affect: 17%)
Okay, then.
Aiming: Mindburst
Press: ? - help, Shift-Dir - straight line, f - Snorg
Aim: Snorg (severely wounded, berserk, chance to affect: 29%)
Okay, then.
Aiming: Charm
Press: ? - help, Shift-Dir - straight line, f - Snorg
Aim: Snorg (severely wounded, berserk, chance to affect: 17%)
Okay, then.
You feel much better. You block Snorg's attack. x2
Snorg completely misses you. Snorg bites you.
* * * LOW HITPOINT WARNING * * *
Snorg claws you!
* * * LOW HITPOINT WARNING * * *
Snorg closely misses you.
You claw Snorg!
Snorg is severely wounded.
Snorg barely misses you. You block Snorg's attack. Snorg claws you!
* * * LOW HITPOINT WARNING * * *
You closely miss Snorg.
Snorg is severely wounded.
You block Snorg's attack. x3
You scratch Snorg.
Snorg is severely wounded.
Snorg bites you!!
You die...

#'#.. #....# #)##.. #....#
'..#.........# #..#.#
#..#.........# #..#.#
####..T......# #####....#
#
#.........#######........#
#.................#...##.#
#.......#......#..#...##.#
#.......#....@.#..#......#
#.......#....T...........#
..........#'#########....#
.##########.....# #.##.#
#.....# #.. .# #)....#
#... # #.....# ..#.
##'#### .# #.....#


You could see Snorg (berserk).

Vanquished Creatures
  Josephine (D:10)
  A two-headed ogre (D:11)
  Sonja (D:10)
  A gargoyle (D:10)
  Jeremiah (D:6)
  Psyche (D:9)
  3 trolls
  Grinder (D:3)
  A shadow (D:9)
  5 wraiths
  A wyvern (D:10)
  14 yaks
  A warg (D:11)
  3 water moccasins
  4 orc warriors
  4 sky beasts
  A black bear (D:6)
  2 ogres
  4 centaurs
  3 kobold brigands
  2 bullfrogs
  A gnoll sergeant (D:8)
  2 scorpions (D:4)
  10 wights
  7 killer bees
  4 howler monkeys
  2 bombardier beetles
  3 jellies
  2 gnoll boudas
  6 hounds
  7 orc priests
  2 sleepcaps
  Ijyb (D:4)
  3 iguanas (D:6)
  Natasha (thrice) (D:4)
  10 orc wizards
  Robin (D:2)
  12 gnolls
  3 adders (D:2)
  A shadow imp (D:6)
  2 dart slugs
  43 orcs
  10 ball pythons
  3 endoplasms
  4 giant cockroaches
  11 goblins
  9 hobgoblins
  3 jackals (D:2)
  24 kobolds
  3 quokkas
  10 bats
  5 frilled lizards
  5 rats
267 creatures vanquished.

Notes
Turn   | Place    | Note
-------+----------+-------------------------------------------
     0 | D:1      | Autsider the Troll Fighter began the quest for the Orb.
     0 | D:1      | Reached XP level 1. HP: 22/22 MP: 0/0
   161 | D:1      | Reached XP level 2. HP: 29/29 MP: 1/1
   715 | D:2      | Reached XP level 3. HP: 35/36 MP: 2/2
   773 | D:2      | Reached skill level 3 in Unarmed Combat
   773 | D:2      | Noticed Robin
   797 | D:2      | Reached XP level 4. HP: 44/44 MP: 3/3
   801 | D:2      | Killed Robin
  1553 | D:3      | Found a shimmering altar of Xom.
  1642 | D:3      | Noticed Grinder
  1649 | D:3      | Paralysed by Grinder for 2 turns
  1670 | D:3      | Paralysed by Grinder for 2 turns
  1688 | D:3      | Killed Grinder
  1689 | D:3      | Reached skill level 4 in Unarmed Combat
  1689 | D:3      | Reached XP level 5. HP: 53/53 MP: 4/4
  1689 | D:3      | Reached XP level 6. HP: 61/61 MP: 5/5
  2034 | D:3      | Found a white marble altar of Elyvilon.
  2123 | D:3      | Found a faded altar of an unknown god.
  2282 | D:3      | Noticed Jessica
  2289 | D:3      | Found a shimmering blue altar of Sif Muna.
  2594 | D:4      | Found a snail-covered altar of Cheibriados.
  2686 | D:4      | Found a hide-covered altar of Uskayaw.
  2749 | D:4      | Noticed Ijyb
  2758 | D:4      | Killed Ijyb
  2759 | D:4      | Reached XP level 7. HP: 32/68 MP: 6/6
  2803 | D:4      | Noticed Natasha
  2811 | D:4      | Killed Natasha
  2812 | D:4      | Reached skill level 5 in Unarmed Combat
  2889 | D:4      | Found a staircase to the Ecumenical Temple.
  2904 | Temple   | Entered the Ecumenical Temple
  2918 | Temple   | Became a worshipper of the Wu Jian Council
  2969 | D:4      | Noticed Natasha
  2976 | D:4      | Killed Natasha
  3108 | D:4      | Noticed Natasha
  3113 | D:4      | Killed Natasha
  3172 | D:4      | Found a shadowy altar of Dithmenos.
  3210 | D:4      | Found a stormy altar of Qazlal.
  3403 | D:5      | Entered Level 5 of the Dungeon
  3702 | D:5      | Found a sacrificial altar of Ru.
  3730 | D:5      | Reached skill level 6 in Unarmed Combat
  3747 | D:5      | Found an opulent altar of Gozag.
  3747 | D:5      | Found a broken altar of Ashenzari.
  3836 | D:5      | Reached XP level 8. HP: 78/78 MP: 7/7
  4087 | D:6      | Reached * piety under Wu Jian
  4094 | D:6      | Reached skill level 5 in Shields
  4146 | D:6      | Noticed Jeremiah
  4197 | D:6      | Killed Jeremiah
  4198 | D:6      | Reached skill level 7 in Unarmed Combat
  4302 | D:6      | Reached skill level 5 in Fighting
  4313 | D:6      | Identified the +0 leather armour of Nopun {rPois Str+2
                  | Int-2}
  4400 | D:6      | Reached skill level 5 in Dodging
  4400 | D:6      | Reached XP level 9. HP: 88/88 MP: 8/8
  4726 | D:7      | Reached skill level 8 in Unarmed Combat
  5129 | D:7      | Found a sparkling altar of Nemelex Xobeh.
  5526 | D:8      | Reached ** piety under Wu Jian
  5753 | D:8      | Reached skill level 9 in Unarmed Combat
  5895 | D:8      | Reached XP level 10. HP: 72/98 MP: 9/9
  6238 | D:9      | Found a radiant altar of Vehumet.
  6446 | D:9      | Noticed Psyche
  6456 | D:9      | Killed Psyche
  6457 | D:9      | Reached skill level 10 in Unarmed Combat
  6655 | D:9      | Reached *** piety under Wu Jian
  6882 | D:10     | Entered Level 10 of the Dungeon
  6882 | D:10     | Found Ypuhocs's Armour Boutique.
  6890 | D:10     | Found a staircase to the Lair.
  6929 | D:10     | Noticed Sonja
  6953 | D:10     | Killed Sonja
  7088 | D:10     | Found a glowing silver altar of Zin.
  7141 | D:10     | Noticed a gargoyle
  7153 | D:10     | Killed a gargoyle
  7154 | D:10     | Reached skill level 11 in Unarmed Combat
  7154 | D:10     | Reached XP level 11. HP: 49/107 MP: 10/10
  7211 | D:10     | Found an ancient bone altar of Kikubaaqudgha.
  7304 | D:10     | Noticed a tengu warrior
  7304 | D:10     | Noticed Domino's ghost (novice MDFi)
  7305 | D:10     | Noticed a two-headed ogre
  7308 | D:10     | Found a bloodstained altar of Trog.
  7320 | D:10     | Found a transporter.
  7339 | D:10     | Found a transporter.
  7386 | D:10     | Found an iron altar of Okawaru.
  7452 | D:11     | Noticed Josephine
  7474 | D:10     | Killed Josephine
  7619 | D:11     | Noticed a two-headed ogre
  7687 | D:11     | Killed a two-headed ogre
  7758 | D:11     | Reached **** piety under Wu Jian
  7847 | D:11     | Noticed Snorg
  7868 | D:11     | Slain by Snorg

Illustrated notes

Levels and vault maps discovered:
D:1:      roadster_arrival_rocket_small, layout_basic
D:2:      layout_basic, uniq_robin
D:3:      layout_basic, brannock_xom_greatest_gift,
          nicolae_elyvilon_temple_path, tgw_sif, ebering_ecumenical_altar_mist,
          grunt_ministairs_15, uniq_grinder, uniq_jessica
D:4:      layout_basic, nicolae_uskayaw_murder_on_the_dancefloor,
          nicolae_qazlal_eye_of_the_storm, mainiacjoe_overflow_swirl,
          minmay_temple_entry_offerings, chequers_decorated_corner, uniq_ijyb,
          uniq_natasha
D:5:      layout_rooms, nicolae_overflow_two_pavilions,
          nicolae_ru_great_annihilating_truth
D:6:      layout_rooms, uniq_jeremiah
D:7:      layout_gridville, nemelex_diamond_rough_becter, serial_park_tiny_pond
D:8:      nicolae_cairo_tiling, layout_loops_ring, minivault_25
D:9:      layout_basic, mainiacjoe_overflow_24_doors, uniq_psyche
D:10:     layout_rooms, mainiacjoe_overflow_alcove_4,
          mainiacjoe_overflow_tiny_flanked, okawaru_altar_gauntlet_db,
          lair_entry_dummy, gammafunk_ghost_wrathful_warriors, serial_shops,
          nicolae_shop_peninsula, uniq_sonja
D:11:     layout_stronghold, david_orc_3, uniq_erolcha, uniq_josephine,
          uniq_snorg
Temple:   corrupted_temple

Skill      XL: |  1  2  3  4  5  6  7  8  9 10 11 |
---------------+----------------------------------+-----
Shields        | 3 4 5 6 7 8 |  8.0
Unarmed Combat | 3 4 6 7 9 11 | 11.7
Fighting       | 3 4 5 6 7 |  7.3
Dodging        | 3 4 5 6 7 |  7.3

Action                     |  1- 3 |  4- 6 |  7- 9 | 10-12 || total
---------------------------+-------+-------+-------+-------++-------
  Melee: Unarmed           |    89 |   145 |   325 |   309 ||   868
 Invoke: Serpent's Lash    |       |       |       |     2 ||     2
Ability: Lunge             |       |       |    26 |    16 ||    42
         Whirlwind         |       |       |     8 |     5 ||    13
    Use: Scroll            |       |     6 |     9 |     2 ||    17
         Potion            |       |       |     3 |     1 ||     4
   Stab: Paralysed         |       |       |     3 |       ||     3
         Sleeping          |       |       |     4 |     1 ||     5
 Armour: Robe              |    49 |    90 |   177 |    86 ||   402
         Troll leather arm |       |       |       |    85 ||    85
         Skin              |       |       |       |     4 ||     4
  Dodge: Dodged            |    40 |    44 |    95 |    75 ||   254
  Block: Kite shield       |    32 |    39 |   177 |   172 ||   420

Table legend: (Time is in decaauts)
 A = Elapsed time spent in this place.
 B = Non-inter-level travel time spent in this place.
 C = Inter-level travel time spent in this place.
 D = Time resting spent in this place.
 E = Time spent auto-exploring this place.
 F = Levels seen in this place.
 G = Mean time per level.
                   A        B        C        D        E       F      G
               +--------+--------+--------+--------+--------+-----+--------+
         Total |   7875 |   7314 |    561 |    390 |   5077 |  12 |  656.2 |
       Dungeon |   7846 |   7312 |    534 |    390 |   5077 |  11 |  713.3 |
        Temple |     28 |      1 |     27 |      0 |      0 |   1 |   28.0 |
               +--------+--------+--------+--------+--------+-----+--------+

Top non-repeatable levels by time:
     D:3: 1065 daAuts
     D:4: 898 daAuts
     D:2: 819 daAuts
     D:7: 810 daAuts
    D:10: 793 daAuts
     D:8: 775 daAuts
     D:9: 694 daAuts
     D:1: 660 daAuts
     D:6: 584 daAuts
     D:5: 545 daAuts
    D:11: 198 daAuts
  Temple: 28 daAuts
